Map: Radhuset Station LE

Players

SubN

  • Race: Zerg Zerg
  • League: Diamond
  • Spawn Location: 1:00

LOSTzTALE - Winner!

  • Race: Protoss Protoss
  • League: Diamond
  • Spawn Location: 7:00

VOD

Have the link to the VOD?

Description

Time

  • Played on: Dec. 21, 2023, 7:21 p.m.
  • Length: 9:56
Show
View Real Time Build Order
Export as new Build Order

SubN Zerg 

Build Orders: Pool First 

Get SALT Encoding   

  12  0:00  Drone  
  13  0:08  Drone  
  13  0:13  Extractor  
  13  0:30  Spawning Pool  
  12  0:57  Hatchery  
  11  1:16  Queen  
  13  1:26  Overlord  
  13  1:37  Metabolic Boost  
  14  1:47  Zergling x4  
  14  1:51  Zergling x2  
  16  2:08  Zergling x2  
  16  2:10  Queen  
  16  2:14  Zergling x2  
  20  2:50  Drone x7  
  27  2:51  Drone  
  28  3:04  Overlord  
  28  3:11  Overlord  
  28  3:35  Drone x5  
  28  3:36  Drone x4  
  37  3:48  Drone x2  
  38  3:52  Drone x4  
  43  3:55  Extractor  
  43  3:56  Extractor  
  43  4:00  Queen  
  43  4:06  Zergling x2  
  44  4:12  Overlord  
  44  4:29  Queen  
  44  4:30  Drone x2  
  44  4:31  Drone x4  
  52  4:37  Hatchery  
  51  4:41  Drone  
  52  4:46  Overlord  
  52  4:49  Overlord  
  52  5:00  Overlord  
  52  5:01  Overlord  
  52  5:05  Overlord  
  52  5:07  Drone  
  53  5:18  Lair  
  53  5:19  Queen  
  55  5:25  Spore Crawler  
  54  5:43  Drone x8  
  54  5:48  Drone x3  
  64  5:56  Queen  
  66  5:58  Drone x4  
  66  6:01  Drone x2  
  66  6:02  Extractor  
  71  6:06  Overlord  
  72  6:11  Drone  
  72  6:13  Drone x2  
  72  6:17  Spore Crawler  
  66  6:35  Drone x3, Spore Crawler  
  66  6:36  Drone  
  66  6:37  Drone x2  
  71  6:43  Drone x3  
  71  6:46  Extractor  
  73  6:55  Drone  
  73  6:57  Drone, Spire  
  73  6:59  Baneling Nest  
  73  7:01  Drone  
  74  7:02  Overlord x4  
  74  7:17  Hatchery  
  73  7:25  Drone x11  
  84  7:30  Extractor  
  84  7:33  Queen x3  
  84  7:35  Overseer  
  89  7:42  Drone  
  89  7:43  Centrifugal Hooks  
  90  7:49  Drone  
  91  7:54  Spore Crawler  
  90  8:05  Drone x3  
  90  8:06  Drone x10  
  103  8:15  Drone  
  103  8:36  Extractor  
  103  8:40  Overlord x2  
  103  8:41  Overlord x2  
  102  8:47  Overseer  
  102  8:48  Pneumatized Carapace  
  102  8:51  Queen  
  102  8:53  Drone x2  
  102  8:54  Drone x3  
  102  8:55  Drone  
  110  9:00  Drone, Extractor  
  110  9:01  Spore Crawler  
  108  9:04  Overlord x3  
  108  9:07  Overseer  
  108  9:10  Mutalisk x8  
  108  9:15  Mutalisk  
  108  9:16  Mutalisk x4  
  134  9:26  Zergling x8  
Show
View Real Time Build Order
Export as new Build Order

LOSTzTALE Protoss - Winner!

Build Orders: 1 Gate Expand 

Get SALT Encoding   

  12  0:00  Probe  
  13  0:12  Probe  
  14  0:20  Pylon  
  14  0:24  Probe  
  15  0:38  Gateway  
  15  0:39  Probe (Chrono Boost)  
  16  0:51  Probe (Chrono Boost)  
  16  0:54  Assimilator  
  17  0:59  Probe (Chrono Boost)  
  18  1:05  Probe  
  19  1:17  Probe  
  20  1:32  Cybernetics Core  
  20  1:39  Zealot  
  22  1:43  Nexus  
  22  1:50  Pylon  
  21  2:09  Probe, Adept  
  21  2:12  Warp Gate  
  24  2:17  Gateway  
  24  2:21  Probe  
  25  2:38  Assimilator  
  25  2:40  Adept  
  27  2:45  Probe (Chrono Boost)  
  28  2:55  Probe (Chrono Boost)  
  29  3:00  Probe x2 (Chrono Boost)  
  31  3:07  Adept  
  31  3:11  Probe (Chrono Boost)  
  35  3:17  Pylon, Probe (Chrono Boost)  
  35  3:19  Probe (Chrono Boost)  
  36  3:25  Probe x2 (Chrono Boost)  
  38  3:37  Probe x2 (Chrono Boost)  
  38  3:39  Stargate  
  40  3:42  Probe x2 (Chrono Boost)  
  40  3:48  Adept  
  44  3:50  Probe  
  44  3:52  Probe  
  46  4:02  Probe  
  47  4:04  Probe  
  47  4:07  Forge  
  48  4:11  Nexus  
  48  4:15  Probe  
  49  4:17  Assimilator  
  49  4:19  Assimilator  
  49  4:29  Probe, Void Ray (Chrono Boost)  
  54  4:36  Protoss Ground Weapons Level 1 (Chrono Boost)  
  54  4:40  Pylon  
  54  4:43  Pylon  
  54  4:47  Pylon  
  54  4:48  Pylon  
  54  4:58  Probe x2, Robotics Facility  
  56  5:10  Probe x2  
  58  5:16  Oracle  
  61  5:22  Probe x2  
  61  5:23  Probe  
  64  5:30  Stalker x2  
  64  5:34  Probe x2  
  70  5:35  Probe  
  71  5:45  Robotics Bay  
  71  5:46  Probe x2  
  71  5:48  Immortal, Probe  
  78  5:56  Oracle  
  81  5:58  Probe x2  
  81  6:02  Probe  
  84  6:07  Twilight Council  
  84  6:10  Probe x2  
  86  6:11  Gateway  
  86  6:12  Gateway  
  86  6:15  Probe  
  87  6:22  Probe  
  88  6:36  Probe x2, Protoss Ground Weapons Level 2 (Chrono Boost)  
  88  6:39  Probe  
  91  6:42  Assimilator, Stalker  
  91  6:43  Stalker  
  91  6:44  Assimilator  
  91  6:45  Gateway  
  91  6:46  Gateway  
  95  6:47  Pylon  
  95  6:48  Probe  
  95  6:52  Gateway  
  97  6:54  Gateway  
  97  6:55  Observer  
  97  6:56  Gateway  
  97  6:59  Templar Archives  
  97  7:01  Extended Thermal Lance  
  97  7:02  Pylon  
  97  7:04  Blink  
  97  7:08  Probe  
  97  7:09  Probe  
  97  7:15  Stalker x3  
  103  7:18  Probe  
  103  7:20  Probe  
  107  7:25  Probe  
  108  7:30  Pylon, Probe  
  108  7:32  Pylon  
  108  7:36  Pylon  
  109  7:40  Pylon  
  109  7:42  Stalker x3  
  109  7:43  Stalker  
  117  7:50  Colossus (Chrono Boost)  
  117  7:54  Pylon  
  117  7:57  Pylon  
  123  8:01  Pylon  
  123  8:21  Stalker x4  
  123  8:22  Stalker x5  
  141  8:29  Robotics Facility  
  141  8:35  Pylon  
  141  8:38  Pylon  
  141  8:52  Nexus  
  141  8:55  Stalker x5  
  147  8:56  Stalker x2  
  147  8:57  Warp Prism  
  155  9:06  Observer  
  157  9:14  Pylon  
  157  9:18  Shield Battery  
  157  9:20  Photon Cannon, High Templar x2  
  161  9:36  Stalker x6  
  171  9:46  Stalker  
  165  9:55  Zealot x2  
Tags
 
Add a new tag
Caveats
  • Supply blocks, unpowered buildings, or Contaminate may cause inaccurate times.
  • Supply counts are checked every 10 seconds.